 Dungeon Sprint DCSS version 0.32-a0-576-g706899e69d (webtiles) character file.

Game seed: 290899910302584454

22200000 Aldia the Intangible (level 27, -46/228 HPs)
             Began as a Djinni Warper on Mar 1, 2024.
             Was the Champion of Makhleb.
             Annihilated by a vile
             ... wielding a +0 mace
              (48 damage)
             ... in the Dungeon (Sprint VIII: "Arena of Blood").
             The game lasted 00:07:17 (222 turns).

Aldia the Intangible (Djinni Warper)                 Turns: 222, Time: 00:07:17

Health: -46/228    AC:  6    Str: 10    XL:     27
Gold:   0          EV: 33    Int: 20    God:    Makhleb [******] SH:  0 Dex: 22

rFire   + + .        i - +∞ Axe of Woe
rCold   x . .        (shield currently unavailable)
rNeg    . . .        b - +0 leather armour
rPois   ∞            (no helmet)
rElec   .            (no cloak)
rCorr   .            (no gloves)
SInv    +            (boots unavailable)
Will    ++...        (no amulet)
Stlth   +            j - ring of see invisible
HPRegen 0.58/turn    (no ring)
MPRegen 0.00/turn

%: no teleportation, infuse magic (-47 HP)
@: confused, flying, slowed, very slow
A: sickness immunity, fire resistance 2, cold vulnerability 1, float, innate
caster, HP casting, extra vitality 1
0: Orb of Zot
a: Renounce Religion, Minor Destruction, Lesser Servant of Makhleb, Major
Destruction, Greater Servant of Makhleb


You were in the Dungeon.
You worshipped Makhleb.
Makhleb was exalted by your worship.
You visited 1 branch

Inventory:

Hand Weapons
 a - a +0 hand axe
 i - the +∞ Axe of Woe (weapon)
   (You found it in the Dungeon)
Missiles
 d - 7 darts of dispersal (quivered)
Armour
 b - a +0 leather armour (worn)
Jewellery
 j - a ring of see invisible (left hand)
 k - a +200 ring of slaying
 l - a +30 ring of slaying
 m - a +400 ring of slaying
Scrolls
 c - 2 scrolls of blinking
Potions
 f - a potion of heal wounds
 g - a potion of haste
 h - a potion of berserk rage


   Skills:
 O Level 27 Fighting
 O Level 27 Short Blades
 O Level 27 Long Blades
 O Level 27 Axes
 O Level 27 Maces & Flails
 O Level 27 Polearms
 O Level 27 Staves
 O Level 27 Ranged Weapons
 O Level 27 Throwing
 O Level 27 Armour
 O Level 27 Dodging
 O Level 27 Stealth
 O Level 27 Shields
 O Level 27 Unarmed Combat
 O Level 27 Spellcasting
 O Level 27 Conjurations
 O Level 27 Hexes
 O Level 27 Summonings
 O Level 27 Necromancy
 O Level 27 Translocations
 O Level 27 Fire Magic
 O Level 27 Ice Magic
 O Level 27 Air Magic
 O Level 27 Earth Magic
 O Level 27 Alchemy
 O Level 27 Invocations
 O Level 27 Evocations
 O Level 27 Shapeshifting


You knew the following spells:

 Your Spells              Type           Power      Damage    Failure   Level
a - Blink                 Tloc           100%       N/A       0%          2
b - Lesser Beckoning      Tloc           100%       N/A       0%          2
c - Teleport Other        Tloc           94%        N/A       0%          3
d - Manifold Assault      Tloc           94%        N/A       0%          4
e - Vhi's Electric Charg  Tloc/Air       100%       N/A       0%          4
f - Magic Dart            Conj           100%       1d8       0%          1
g - Scorch                Fire           100%       2d9       0%          2
h - Confusing Touch       Hex            94%        N/A       0%          3
i - Brom's Barrelling Bo  Conj/Erth      94%        2d10      0%          4
j - Petrify               Alch/Erth      94%        N/A       0%          4
k - Fireball              Conj/Fire      47%        3d19      0%          5
l - Death Channel         Necr           47%        N/A       0%          6
m - Orb of Destruction    Conj           47%        9d12      1%          7
n - Summon Cactus Giant   Summ           47%        N/A       0%          6
o - Monstrous Menagerie   Summ           47%        N/A       1%          7
p - Maxwell's Capacitive  Air            47%        ∞         1%          8
q - Disjunction           Tloc           47%        N/A       1%          8
r - Fire Storm            Conj/Fire      47%        8d12      1%          9
Your spell library was empty.

Dungeon Overview and Level Annotations

Branches:
Dungeon (1/1)

Altars:
Makhleb


Innate Abilities, Weirdness & Mutations

You are immune to sickness and miasma.
You are immune to poison.
Your flesh is very heat resistant. (rF++)
You are vulnerable to cold. (rC-)
You float through the air rather than walking.
You learn spells naturally, not from books.
Your magical power is your life essence.
You have superior vitality. (+4 MHP)


Message History

You are shoved backwards!
The meat beast bites you!
* * * LOW HITPOINT WARNING * * *
The meat beast tramples you.
* * * LOW HITPOINT WARNING * * *
You hold your ground!
The observer gazes at you. Something smites you!
* * * LOW HITPOINT WARNING * * *
You hear a grinding noise.
The meat beast completely misses you. The meat beast tramples you.
* * * LOW HITPOINT WARNING * * *
You hold your ground!
The destroyer points at you and mumbles some strange words.
The destroyer blinks!
The Orb Guardian completely misses you. The eight-headed meat hydra misses you.
The eight-headed meat hydra completely misses you.
The eight-headed meat hydra misses you.
The eight-headed meat hydra completely misses you. x2
The eight-headed meat hydra closely misses you.
The eight-headed meat hydra barely misses you.
The eight-headed meat hydra bites you.
* * * LOW HITPOINT WARNING * * *
The eight-headed meat hydra calls on the powers of darkness!
The eight-headed meat hydra convulses!
The scourge convulses!
The bag of meat convulses!
The fleshlord convulses!
The observer convulses!
The eight-headed meat hydra convulses!
Your body is wracked with pain!
* * * LOW HITPOINT WARNING * * *
The Orb Guardian convulses!
The eight-headed meat hydra convulses!
The eight-headed meat hydra calls on the powers of darkness!
The eight-headed meat hydra convulses!
The fleshlord convulses!
Your body is wracked with pain!
* * * LOW HITPOINT WARNING * * *
The observer convulses!
The Orb Guardian convulses!
The eight-headed meat hydra convulses! x2; The scourge convulses!
The bag of meat convulses!
A destroyer comes into view. It is wielding a +9 heavy great sword.
The vile hits you with a +0 mace!
* * * LOW HITPOINT WARNING * * *
You are engulfed in flames!!!
You resist.
You die...

#....)##..)p........#...
#.).).o.9)SL..#.o......_
#.)))....)D)....).....##
#.).).)†).....†))###).).
#...))GW)§..))V.W°)#))).
#.)§.†)VW)p).))).)W#°)).
#..)..)W)D.=)..)).).))).
#..)...2†.)#.#))))).))))
#......@99#)#..))..p))).
#.)###DX)#.#.#..).)†.)))
#....#....#.#).)))#)))))
#.....#).)).D.).)))..)))
#.....))##)).....##.#)))
####.....##†......)))..)
####..)...####....#..
####..............
####..........)


You could see a meat beast (fast), an Orb Guardian, a tyrant, 3 eight-headed
meat hydras, 2 destroyers, an observer (fast, invisible), a scourge, a fleshlord
(fast), 3 viles, 3 wretched souls and a bag of meat.

Vanquished Creatures
  3 molten gargoyles (D)
  Dispater (D)
  28 hell knights (D)
  Sigmund (D)
  17 hell beasts (D)
  Edmund (D)
  9 royal mummies (D)
  20 wraiths (D)
  19 great orbs of eyes (D)
  Harold (D)
  20 vampire knights (D)
  55 ogres (D)
  9 two-headed ogres (D)
  14 liches (D)
  29 hydras (D)
  11 phantoms (D)
  121 orcs (D)
  15 skeletal warriors (D)
  30 sea snakes (D)
  2 ball lightnings (D)
406 creatures vanquished.

Vanquished Creatures (others)
  An orc (D)
  A ball lightning (D)
2 creatures vanquished.

Grand Total: 408 creatures vanquished

Notes
Turn   | Place    | Note
-------+----------+-------------------------------------------
     0 | D        | Found the +∞ Axe of Woe
     0 | D        | Aldia the Djinni Warper began the quest for the Orb.
     0 | D        | Aldia set off with the following spells memorised: Blink,
                  | Lesser Beckoning, Teleport Other, Manifold Assault, Vhi's
                  | Electric Charge.
     0 | D        | Reached XP level 1. HP: 18/18 MP: 0/0
     2 | D        | Noticed a bag of meat
     4 | D        | Became a worshipper of Makhleb the Destroyer
     4 | D        | Noticed a bag of meat
     5 | D        | Noticed a bag of meat
     5 | D        | Noticed a bag of meat
     5 | D        | Noticed a bag of meat
     6 | D        | Noticed a bag of meat
     7 | D        | Noticed a bag of meat
     7 | D        | Noticed a bag of meat
     8 | D        | Noticed a bag of meat
     8 | D        | Noticed a bag of meat
     8 | D        | Noticed a bag of meat
     8 | D        | Noticed a bag of meat
     8 | D        | Noticed a bag of meat
     8 | D        | Noticed a bag of meat
     8 | D        | Noticed a bag of meat
     8 | D        | Noticed a bag of meat
     9 | D        | Killed a bag of meat
     9 | D        | Noticed a bag of meat
     9 | D        | Noticed a bag of meat
     9 | D        | Noticed a bag of meat
     9 | D        | Noticed a bag of meat
    10 | D        | Reached XP level 2. HP: 39/39 MP: 0/0
    10 | D        | Reached XP level 3. HP: 44/44 MP: 0/0
    10 | D        | Learned a level 1 spell: Magic Dart
    10 | D        | Reached XP level 4. HP: 50/50 MP: 0/0
    10 | D        | Reached XP level 5. HP: 56/56 MP: 0/0
    10 | D        | Learned a level 2 spell: Scorch
    10 | D        | Reached XP level 6. HP: 62/62 MP: 0/0
    10 | D        | Reached XP level 7. HP: 67/67 MP: 0/0
    10 | D        | Learned a level 3 spell: Confusing Touch
    10 | D        | Reached XP level 8. HP: 74/74 MP: 0/0
    10 | D        | Reached XP level 9. HP: 79/79 MP: 0/0
    10 | D        | Learned a level 4 spell: Brom's Barrelling Boulder
    10 | D        | Reached XP level 10. HP: 85/85 MP: 0/0
    10 | D        | Reached XP level 11. HP: 91/91 MP: 0/0
    10 | D        | Learned a level 4 spell: Petrify
    10 | D        | Noticed a bag of meat
    10 | D        | Noticed a large bag of meat
    10 | D        | Noticed a bag of meat
    10 | D        | Noticed a meat berserker
    10 | D        | Noticed a bag of meat
    10 | D        | Noticed a bag of meat
    10 | D        | Noticed a bag of meat
    10 | D        | Noticed a bag of meat
    10 | D        | Noticed a bag of meat
    10 | D        | Noticed a large bag of meat
    11 | D        | Noticed a bag of meat
    11 | D        | Noticed a bag of meat
    11 | D        | Noticed a bag of meat
    11 | D        | Noticed a bag of meat
    12 | D        | Killed a bag of meat
    12 | D        | Reached * piety under Makhleb
    12 | D        | Killed a bag of meat
    12 | D        | Killed a bag of meat
    12 | D        | Killed a bag of meat
    12 | D        | Reached ** piety under Makhleb
    12 | D        | Killed a bag of meat
    12 | D        | Noticed a meat berserker
    12 | D        | Noticed a bag of meat
    13 | D        | Reached XP level 12. HP: 111/111 MP: 0/0
    13 | D        | Reached XP level 13. HP: 116/116 MP: 0/0
    13 | D        | Learned a level 5 spell: Fireball
    13 | D        | Reached XP level 14. HP: 123/123 MP: 0/0
    13 | D        | Killed a bag of meat
    13 | D        | Killed a bag of meat
    13 | D        | Reached *** piety under Makhleb
    13 | D        | Killed a bag of meat
    13 | D        | Killed a bag of meat
    13 | D        | Noticed a meat berserker
    13 | D        | Noticed a bag of meat
    13 | D        | Noticed a bag of meat
    14 | D        | Reached skill level 15 in Spellcasting
    14 | D        | Reached skill level 15 in Conjurations
    14 | D        | Reached skill level 15 in Hexes
    14 | D        | Reached skill level 15 in Summonings
    14 | D        | Reached skill level 15 in Necromancy
    14 | D        | Reached skill level 15 in Translocations
    14 | D        | Reached skill level 15 in Fire Magic
    14 | D        | Reached skill level 15 in Ice Magic
    14 | D        | Reached skill level 15 in Air Magic
    14 | D        | Reached skill level 15 in Earth Magic
    14 | D        | Reached skill level 15 in Alchemy
    14 | D        | Reached XP level 15. HP: 135/135 MP: 0/0
    14 | D        | Learned a level 6 spell: Death Channel
    14 | D        | Reached **** piety under Makhleb
    15 | D        | Reached XP level 16. HP: 145/145 MP: 0/0
    15 | D        | Killed a meat berserker
    15 | D        | Reached ***** piety under Makhleb
    16 | D        | Reached skill level 27 in Dodging
    16 | D        | Reached XP level 17. HP: 157/157 MP: 0/0
    16 | D        | Learned a level 7 spell: Orb of Destruction
    16 | D        | Noticed a meat berserker
    16 | D        | Noticed a meat berserker
    17 | D        | Reached skill level 27 in Fighting
    18 | D        | Reached XP level 18. HP: 167/167 MP: 0/0
    18 | D        | Killed a meat berserker
    18 | D        | Reached ****** piety under Makhleb
    19 | D        | Reached skill level 27 in Axes
    19 | D        | Killed a large bag of meat
    20 | D        | Reached XP level 19. HP: 159/174 MP: 0/0
    20 | D        | Learned a level 6 spell: Summon Cactus Giant
    20 | D        | Killed a meat berserker
    21 | D        | Reached skill level 27 in Spellcasting
    21 | D        | Reached skill level 27 in Conjurations
    21 | D        | Reached skill level 27 in Hexes
    21 | D        | Reached skill level 27 in Summonings
    21 | D        | Reached skill level 27 in Necromancy
    21 | D        | Reached skill level 27 in Translocations
    21 | D        | Reached skill level 27 in Fire Magic
    21 | D        | Reached skill level 27 in Ice Magic
    21 | D        | Reached skill level 27 in Air Magic
    21 | D        | Reached skill level 27 in Earth Magic
    21 | D        | Reached skill level 27 in Alchemy
    21 | D        | Noticed a destroyer
    21 | D        | Noticed a meat berserker
    22 | D        | Reached skill level 27 in Invocations
    22 | D        | Reached XP level 20. HP: 177/181 MP: 0/0
    22 | D        | Killed a meat berserker
    22 | D        | Killed a large bag of meat
    23 | D        | Reached skill level 15 in Armour
    23 | D        | Reached skill level 10 in Stealth
    23 | D        | Reached XP level 21. HP: 173/187 MP: 0/0
    23 | D        | Learned a level 7 spell: Monstrous Menagerie
    23 | D        | Noticed a meat berserker
    24 | D        | Noticed a destroyer
    24 | D        | Killed a meat berserker
    25 | D        | Noticed a destroyer
    25 | D        | Noticed a destroyer
    26 | D        | Noticed a meat berserker
    27 | D        | Noticed a destroyer
    27 | D        | Killed a destroyer
    27 | D        | Killed a destroyer
    27 | D        | Killed a meat berserker
    28 | D        | Reached skill level 15 in Maces & Flails
    28 | D        | Reached skill level 15 in Polearms
    28 | D        | Reached skill level 15 in Throwing
    28 | D        | Reached XP level 22. HP: 190/194 MP: 0/0
    28 | D        | Killed a destroyer
    28 | D        | Noticed a large bag of meat
    29 | D        | Reached skill level 27 in Armour
    29 | D        | Reached XP level 23. HP: 199/201 MP: 0/0
    29 | D        | Learned a level 8 spell: Maxwell's Capacitive Coupling
    30 | D        | Killed a destroyer
    33 | D        | Reached XP level 24. HP: 208/208 MP: 0/0
    34 | D        | Killed a large bag of meat
    36 | D        | Reached skill level 27 in Unarmed Combat
    36 | D        | Noticed a destroyer
    38 | D        | Noticed a destroyer
    39 | D        | Noticed a destroyer
    40 | D        | Reached XP level 25. HP: 214/214 MP: 0/0
    40 | D        | Learned a level 8 spell: Disjunction
    40 | D        | Noticed a destroyer
    40 | D        | Killed a destroyer
    41 | D        | Reached skill level 27 in Stealth
    41 | D        | Killed a destroyer
    42 | D        | Reached skill level 27 in Maces & Flails
    42 | D        | Reached skill level 27 in Polearms
    42 | D        | Reached skill level 27 in Throwing
    43 | D        | Killed a destroyer
    44 | D        | Reached XP level 26. HP: 221/221 MP: 0/0
    45 | D        | Reached skill level 27 in Staves
    45 | D        | Reached skill level 5 in Short Blades
    45 | D        | Reached skill level 5 in Long Blades
    45 | D        | Reached skill level 5 in Ranged Weapons
    45 | D        | Reached skill level 5 in Shapeshifting
    47 | D        | Killed a destroyer
    48 | D        | Noticed an accursed
    48 | D        | Noticed an accursed
    49 | D        | Reached skill level 15 in Shields
    49 | D        | Reached skill level 15 in Evocations
    49 | D        | Reached XP level 27. HP: 228/228 MP: 0/0
    49 | D        | Learned a level 9 spell: Fire Storm
    49 | D        | Killed a destroyer
    50 | D        | Reached skill level 15 in Short Blades
    50 | D        | Reached skill level 15 in Long Blades
    50 | D        | Killed an accursed
    51 | D        | Noticed a tyrant
    54 | D        | Noticed a destroyer
    55 | D        | Noticed a tyrant
    61 | D        | Killed a tyrant
    63 | D        | Killed an accursed
    63 | D        | Noticed an accursed
    65 | D        | Killed a tyrant
    66 | D        | Noticed a dread
    66 | D        | Noticed a dread
    68 | D        | Noticed an accursed
    69 | D        | Noticed a large bag of meat
    71 | D        | Noticed a meat beast
    71 | D        | Killed a destroyer
    72 | D        | Reached skill level 27 in Shields
    72 | D        | Reached skill level 27 in Evocations
    72 | D        | Killed a large bag of meat
    72 | D        | Noticed a meat beast
    73 | D        | Killed a meat beast
    73 | D        | Killed an accursed
    73 | D        | Killed a meat beast
    73 | D        | Killed an accursed
    73 | D        | Noticed a meat beast
    74 | D        | Reached skill level 27 in Short Blades
    74 | D        | Reached skill level 27 in Long Blades
    74 | D        | Reached skill level 27 in Ranged Weapons
    74 | D        | Reached skill level 27 in Shapeshifting
    77 | D        | Killed a dread
    77 | D        | Killed a dread
    78 | D        | Noticed a meat beast
    79 | D        | Killed a meat beast
    86 | D        | Noticed a meat beast
    87 | D        | Killed a meat beast
    91 | D        | Noticed a tyrant
    91 | D        | Killed a tyrant
    91 | D        | Noticed a meat beast
    91 | D        | Noticed a tyrant
    91 | D        | Noticed an accursed
    92 | D        | Killed a meat beast
    92 | D        | Killed an accursed
    93 | D        | Killed a tyrant
    97 | D        | Noticed The Defiler
    97 | D        | Noticed an accursed
    99 | D        | Killed The Defiler
   100 | D        | Noticed a tyrant
   100 | D        | Noticed a tyrant
   100 | D        | Killed an accursed
   100 | D        | Killed a tyrant
   100 | D        | Killed a meat beast
   100 | D        | Noticed a meat beast
   101 | D        | Killed a meat beast
   103 | D        | Noticed a destroyer
   103 | D        | Noticed a meat beast
   105 | D        | Killed a meat beast
   106 | D        | Noticed a destroyer
   107 | D        | Killed a tyrant
   107 | D        | Killed a destroyer
   107 | D        | Noticed a dread
   108 | D        | Noticed a destroyer
   110 | D        | Killed a destroyer
   110 | D        | Killed a dread
   111 | D        | Noticed a destroyer
   111 | D        | Noticed a dread
   111 | D        | Noticed a tyrant
   114 | D        | Killed a tyrant
   116 | D        | Killed a destroyer
   118 | D        | Noticed a destroyer
   119 | D        | Noticed The Captor
   120 | D        | Killed a destroyer
   120 | D        | Killed a destroyer
   121 | D        | Killed a dread
   121 | D        | Killed The Captor
   121 | D        | Noticed a fleshlord
   121 | D        | Noticed a large bag of meat
   122 | D        | Noticed a large bag of meat
   122 | D        | Noticed a meat beast
   123 | D        | Killed a large bag of meat
   123 | D        | Killed a meat beast
   123 | D        | Killed a fleshlord
   123 | D        | Noticed a dread
   124 | D        | Killed a dread
   124 | D        | Noticed a fleshlord
   125 | D        | Killed a large bag of meat
   125 | D        | Killed a fleshlord
   126 | D        | Noticed a tyrant
   127 | D        | Noticed a meat beast
   127 | D        | Noticed a fleshlord
   128 | D        | Killed a meat beast
   128 | D        | Killed a tyrant
   128 | D        | Noticed a fleshlord
   129 | D        | Killed a fleshlord
   129 | D        | Killed a fleshlord
   130 | D        | Noticed a fleshlord
   131 | D        | Noticed a large bag of meat
   132 | D        | Killed a large bag of meat
   132 | D        | Killed a fleshlord
   132 | D        | Noticed a fleshlord
   132 | D        | Noticed a fleshlord
   133 | D        | Noticed a fleshlord
   133 | D        | Noticed a large bag of meat
   134 | D        | Killed a large bag of meat
   134 | D        | Killed a fleshlord
   134 | D        | Killed a fleshlord
   135 | D        | Noticed a tyrant
   135 | D        | Noticed a dread
   135 | D        | Noticed a dread
   136 | D        | Killed a dread
   136 | D        | Killed a dread
   136 | D        | Noticed a meat beast
   137 | D        | Killed a meat beast
   137 | D        | Noticed a dread
   138 | D        | Killed a tyrant
   138 | D        | Killed a dread
   138 | D        | Noticed a dread
   140 | D        | Killed a fleshlord
   140 | D        | Killed a dread
   140 | D        | Noticed a dread
   144 | D        | Noticed a meat beast
   145 | D        | Noticed a tyrant
   146 | D        | Killed a meat beast
   146 | D        | Noticed a destroyer
   147 | D        | Noticed a meat beast
   148 | D        | Killed a destroyer
   148 | D        | Killed a tyrant
   149 | D        | Noticed a large bag of meat
   149 | D        | Noticed a destroyer
   150 | D        | Killed a destroyer
   150 | D        | Killed a large bag of meat
   150 | D        | Noticed an accursed
   150 | D        | Noticed a fleshlord
   151 | D        | Killed a fleshlord
   151 | D        | Noticed a tyrant
   152 | D        | Killed an accursed
   152 | D        | Killed a tyrant
   152 | D        | Noticed a fleshlord
   152 | D        | Noticed a dread
   152 | D        | Noticed a destroyer
   153 | D        | Killed a dread
   153 | D        | Killed a destroyer
   154 | D        | Killed a fleshlord
   154 | D        | Noticed a destroyer
   154 | D        | Noticed a fleshlord
   155 | D        | Killed a fleshlord
   156 | D        | Killed a destroyer
   157 | D        | Killed a meat beast
   157 | D        | Noticed a tyrant
   158 | D        | Killed a tyrant
   167 | D        | Noticed an accursed
   169 | D        | Killed an accursed
   171 | D        | Noticed a dread
   171 | D        | Noticed a dread
   171 | D        | Noticed a fleshlord
   172 | D        | Killed a dread
   173 | D        | Killed a fleshlord
   173 | D        | Killed a dread
   173 | D        | Noticed The Servant
   174 | D        | Killed The Servant
   178 | D        | Noticed a meat beast
   179 | D        | Noticed a dread
   179 | D        | Killed a meat beast
   179 | D        | Killed a dread
   180 | D        | Noticed a dread
   181 | D        | Killed a dread
   182 | D        | Noticed a fleshlord
   183 | D        | Killed a fleshlord
   185 | D        | Noticed a dread
   186 | D        | Killed a dread
   188 | D        | Noticed an accursed
   189 | D        | Killed an accursed
   191 | D        | Noticed a tyrant
   191 | D        | Noticed a fleshlord
   192 | D        | Noticed a dread
   193 | D        | Killed a fleshlord
   193 | D        | Killed a tyrant
   193 | D        | Killed a dread
   194 | D        | Noticed a fleshlord
   195 | D        | Noticed a vile
   195 | D        | Killed a vile
   195 | D        | Killed a fleshlord
   195 | D        | Noticed a fleshlord
   196 | D        | Killed a fleshlord
   196 | D        | Noticed a fleshlord
   197 | D        | Killed a fleshlord
   198 | D        | Noticed a dread
   199 | D        | Killed a dread
   199 | D        | Noticed a dread
   200 | D        | Noticed a destroyer
   200 | D        | Noticed a fleshlord
   200 | D        | Noticed a dread
   201 | D        | Killed a dread
   201 | D        | Killed a fleshlord
   201 | D        | Noticed a fleshlord
   202 | D        | Killed a destroyer
   202 | D        | Killed a dread
   202 | D        | Killed a fleshlord
   202 | D        | Noticed a meat beast
   203 | D        | Killed a meat beast
   205 | D        | Noticed a meat beast
   206 | D        | Killed a meat beast
   206 | D        | Noticed a dread
   206 | D        | Noticed a fleshlord
   208 | D        | Noticed a vile
   208 | D        | Noticed a fleshlord
   209 | D        | Noticed a fleshlord
   209 | D        | Noticed a fleshlord
   210 | D        | Killed a fleshlord
   210 | D        | Noticed a fleshlord
   211 | D        | Killed a fleshlord
   211 | D        | Killed a fleshlord
   211 | D        | Killed a vile
   212 | D        | Killed a dread
   212 | D        | Killed a fleshlord
   212 | D        | Killed a fleshlord
   214 | D        | Noticed The Meatlord
   214 | D        | Noticed a fleshlord
   215 | D        | Killed a fleshlord
   216 | D        | Noticed a fleshlord
   217 | D        | Noticed a fleshlord
   217 | D        | Killed The Meatlord
   218 | D        | Got the Orb of Zot
   218 | D        | Noticed a vile
   218 | D        | Noticed a fleshlord
   218 | D        | Noticed a tyrant
   219 | D        | Killed a vile
   219 | D        | Killed a fleshlord
   219 | D        | Killed a tyrant
   219 | D        | Killed a fleshlord
   219 | D        | Noticed a meat beast
   219 | D        | Noticed a destroyer
   219 | D        | Noticed a vile
   220 | D        | Killed a meat beast
   220 | D        | Killed a fleshlord
   220 | D        | Noticed a meat beast
   220 | D        | Noticed a vile
   220 | D        | Noticed a fleshlord
   220 | D        | Noticed a vile
   220 | D        | Noticed a tyrant
   221 | D        | Noticed a fleshlord
   221 | D        | Noticed a dread
   221 | D        | Noticed a vile
   222 | D        | HP: 9/228 [??? (7)]
   222 | D        | Noticed a destroyer
   222 | D        | HP: 2/228 [vile/+0 mace (7)]
   222 | D        | Annihilated by a vile

Illustrated notes

Levels and vault maps discovered:
D:        meatsprint

Skill      XL: |  1  2  3  4  5  6  7  8  9 10 11 12 13 14 15 16 17 18 19 20 21 22 23 24 25 26 27 |
---------------+----------------------------------------------------------------------------------+-----
Fighting       | 12 19 21 23 26 27 | 27.0
Axes           | 14 18 20 22 24 25 27 | 27.0
Dodging        | 13 20 23 25 27 | 27.0
Spellcasting   | 8 13 15 17 20 21 26 27 | 27.0
Conjurations   | 8 13 15 17 20 21 26 27 | 27.0
Hexes          | 8 13 15 17 20 21 26 27 | 27.0
Summonings     | 8 13 15 17 20 21 26 27 | 27.0
Necromancy     | 8 13 15 17 20 21 26 27 | 27.0
Translocations | 8 13 15 17 20 21 26 27 | 27.0
Fire Magic     | 8 13 15 17 20 21 26 27 | 27.0
Ice Magic      | 8 13 15 17 20 21 26 27 | 27.0
Air Magic      | 8 13 15 17 20 21 26 27 | 27.0
Earth Magic    | 8 13 15 17 20 21 26 27 | 27.0
Alchemy        | 8 13 15 17 20 21 26 27 | 27.0
Invocations    | 16 27 | 27.0
Maces & Flails | 2 9 15 17 21 24 27 | 27.0
Polearms       | 2 9 15 17 21 24 27 | 27.0
Throwing       | 2 9 15 17 21 24 27 | 27.0
Armour         | 4 15 25 27 | 27.0
Stealth        | 2 10 17 18 22 26 27 | 27.0
Unarmed Combat | 2 11 18 20 24 27 | 27.0
Staves         | 25 27 | 27.0
Short Blades   | 14 27 | 27.0
Long Blades    | 14 27 | 27.0
Ranged Weapons | 13 27 | 27.0
Shields        | 15 27 | 27.0
Evocations     | 15 27 | 27.0
Shapeshifting  | 13 27 | 27.0

Action                     |  1- 3 |  4- 6 |  7- 9 | 10-12 | 13-15 | 16-18 | 19-21 | 22-24 | 25-27 || total
---------------------------+-------+-------+-------+-------+-------+-------+-------+-------+-------++-------
  Melee: Executioner's axe |     1 |       |       |     1 |     2 |     5 |     6 |     8 |   330 ||   353
   Cast: Manifold Assault  |       |       |       |       |       |       |       |       |    99 ||    99
         Monstrous Menager |       |       |       |       |       |       |       |       |     1 ||     1
 Invoke: Greater Servant o |       |       |       |       |       |       |       |       |     2 ||     2
    Use: Potion            |       |       |       |       |       |       |       |       |     1 ||     1
 Armour: Leather armour    |       |       |       |       |       |     2 |     9 |     5 |    15 ||    31
  Dodge: Dodged            |       |       |       |       |       |       |       |       |    15 ||    15

Table legend: (Time is in decaauts)
 A = Elapsed time spent in this place.
 B = Non-inter-level travel time spent in this place.
 C = Inter-level travel time spent in this place.
 D = Time resting spent in this place.
 E = Time spent auto-exploring this place.
 F = Levels seen in this place.
 G = Mean time per level.
                   A        B        C        D        E       F      G
               +--------+--------+--------+--------+--------+-----+--------+
         Total |    219 |    219 |      0 |      0 |      0 |   1 |  219.0 |
       Dungeon |    219 |    219 |      0 |      0 |      0 |   1 |  219.0 |
               +--------+--------+--------+--------+--------+-----+--------+

Top non-repeatable levels by time:
       D: 219 daAuts
